| TOP OF THE 1ST |
|
Baltimore (APP) Orioles batting - Pitching for Princeton Rays : LHP Jonathan Daniels
|
|
Pitching: LHP Jonathan Daniels
|
|
|
Batting: LHB Bill Ostlund
|
0-0: Ball 1-0: Ball 2-0: Swinging Strike 2-1: Ball 3-1: Called Strike 3-2: Foul Ball, location: 2F 3-2: Base on Balls
|
|
Batting: RHB Mike Zepeda
|
0-0: Foul Ball, location: 2F 0-1: Ball Wild Pitch! Bill Ostlund to second 1-1: Foul Ball, location: 2F 1-2: Foul Ball, location: 2F 1-2: Fly out, F3 (Line Drive, 3, EV 70.0 MPH)
|
|
Batting: RHB Alex Valencia
|
0-0: Ball 1-0: Called Strike 1-1: Called Strike 1-2: Ball 2-2: SINGLE (Groundball, 56, EV 101.2 MPH) (infield hit) Bill Ostlund to third
|
|
Batting: LHB Justin Alworth
|
0-0: Ball 1-0: Ball 2-0: Ball 3-0: Base on Balls Alex Valencia to second
|
|
Batting: RHB Matt O'Dea
|
0-0: Ball 1-0: Called Strike 1-1: Called Strike 1-2: Ball 2-2: Fly out, F8 (Flyball, 8LM, EV 88.1 MPH)
|
|
Batting: RHB Fernando Bravo
|
0-0: Ball 1-0: Called Strike 1-1: GRAND SLAM HOME RUN (Flyball, 78XD, EV 100.0 MPH), Distance : 408 ft
|
|
Batting: LHB Antonio Cantu
|
0-0: Foul Ball, location: 2F 0-1: Foul Ball, location: 2F 0-2: Ball 1-2: Ground out 1-3 (Groundball, 13, EV 63.8 MPH)
|
| Top of the 1st over - 4 runs, 2 hits, 0 errors, 0 left on base; Baltimore (APP) 4 - Princeton 0 |
| BOTTOM OF THE 1ST |
|
Princeton Rays batting - Pitching for Baltimore (APP) Orioles : LHP Luis Perez
|
|
Pitching: LHP Luis Perez
|
|
|
Batting: SHB Chris Lockart
|
0-0: Ball 1-0: Ground out 6-3 (Groundball, 6, EV 90.0 MPH)
|
|
Batting: RHB Dan Marks
|
0-0: Called Strike 0-1: Swinging Strike 0-2: Foul Ball, location: 2F 0-2: Foul Ball, location: 2F 0-2: Ball 1-2: Foul Ball, location: 2F 1-2: Foul Ball, location: 2F 1-2: Strikes out swinging
|
|
Batting: LHB Rocky Crowley
|
0-0: Ball 1-0: Ball 2-0: Ball 3-0: Base on Balls
|
|
Batting: RHB Wil Urban
|
0-0: Ball 1-0: Foul Ball, location: 2F 1-1: Called Strike 1-2: Strikes out swinging
|
| Bottom of the 1st over - 0 runs, 0 hits, 0 errors, 1 left on base; Baltimore (APP) 4 - Princeton 0 |
| TOP OF THE 2ND |
|
Baltimore (APP) Orioles batting - Pitching for Princeton Rays : LHP Jonathan Daniels
|
|
Batting: RHB Scott Boyd
|
0-0: Swinging Strike 0-1: Swinging Strike 0-2: Strikes out swinging
|
|
Batting: RHB Ioan Biros
|
0-0: Foul Ball, location: 2F 0-1: Ball 1-1: Foul Ball, location: 2F 1-2: Fly out, F8 (Flyball, 78M, EV 93.8 MPH)
|
|
Batting: LHB Bill Ostlund
|
0-0: Foul Ball, location: 2F 0-1: Ball 1-1: Called Strike 1-2: Ball 2-2: Strikes out looking
|
| Top of the 2nd over - 0 runs, 0 hits, 0 errors, 0 left on base; Baltimore (APP) 4 - Princeton 0 |
| BOTTOM OF THE 2ND |
|
Princeton Rays batting - Pitching for Baltimore (APP) Orioles : LHP Luis Perez
|
|
Batting: SHB Lou Kroneman
|
0-0: Called Strike 0-1: SOLO HOME RUN (Flyball, 78XD, EV 98.1 MPH), Distance : 400 ft
|
|
Batting: RHB Chris Thorson
|
0-0: Called Strike 0-1: Ball 1-1: Fly out, F3 (Popup, 3, EV 65.0 MPH)
|
|
Batting: SHB Wayne Hattan
|
0-0: Ball 1-0: Ball 2-0: SINGLE (Groundball, 6, EV 97.5 MPH)
|
|
Batting: RHB Kunizo Yanagisawa
|
0-0: Called Strike 0-1: Ball 1-1: SINGLE (Groundball, 6MS, EV 86.2 MPH) (infield hit) Wayne Hattan to second
|
|
Batting: RHB Jim Erdody
|
0-0: Ball 1-0: Foul Ball, location: 2F 1-1: Ball 2-1: Swinging Strike 2-2: Ball 3-2: Strikes out swinging
|
|
Batting: SHB Chris Lockart
|
0-0: Called Strike 0-1: SINGLE (Groundball, 4D, EV 97.5 MPH) Wayne Hattan to third Kunizo Yanagisawa to second
|
|
Batting: RHB Dan Marks
|
0-0: Ball 1-0: Ball 2-0: Ball 3-0: Base on Balls Wayne Hattan scores Kunizo Yanagisawa to third Chris Lockart to second
|
|
Batting: LHB Rocky Crowley
|
0-0: Swinging Strike 0-1: Ball 1-1: Swinging Strike 1-2: Strikes out swinging
|
| Bottom of the 2nd over - 2 runs, 4 hits, 0 errors, 3 left on base; Baltimore (APP) 4 - Princeton 2 |
| TOP OF THE 3RD |
|
Baltimore (APP) Orioles batting - Pitching for Princeton Rays : LHP Jonathan Daniels
|
|
Batting: RHB Mike Zepeda
|
0-0: Bunt missed! 0-1: Ball 1-1: Called Strike 1-2: Strikes out looking
|
|
Batting: RHB Alex Valencia
|
0-0: Ball 1-0: Ball 2-0: Called Strike 2-1: Ground out 4-3 (Groundball, 4, EV 86.9 MPH)
|
|
Batting: LHB Justin Alworth
|
0-0: Fly out, F8 (Flyball, 89M, EV 94.4 MPH)
|
| Top of the 3rd over - 0 runs, 0 hits, 0 errors, 0 left on base; Baltimore (APP) 4 - Princeton 2 |
| BOTTOM OF THE 3RD |
|
Princeton Rays batting - Pitching for Baltimore (APP) Orioles : LHP Luis Perez
|
|
Batting: RHB Wil Urban
|
0-0: Called Strike 0-1: Swinging Strike 0-2: Strikes out looking
|
|
Batting: SHB Lou Kroneman
|
0-0: Called Strike 0-1: Ground out 6-3 (Groundball, 6MD, EV 101.2 MPH)
|
|
Batting: RHB Chris Thorson
|
0-0: Ball 1-0: Ball 2-0: Swinging Strike 2-1: Foul Ball, location: 2F 2-2: Strikes out swinging
|
| Bottom of the 3rd over - 0 runs, 0 hits, 0 errors, 0 left on base; Baltimore (APP) 4 - Princeton 2 |
| TOP OF THE 4TH |
|
Baltimore (APP) Orioles batting - Pitching for Princeton Rays : LHP Jonathan Daniels
|
|
Batting: RHB Matt O'Dea
|
0-0: Called Strike 0-1: Ball 1-1: Foul Ball, location: 2F 1-2: Ball 2-2: Ball 3-2: Foul Ball, location: 2F 3-2: Strikes out swinging
|
|
Batting: RHB Fernando Bravo
|
0-0: Called Strike 0-1: Ball 1-1: Swinging Strike 1-2: Strikes out swinging
|
|
Batting: LHB Antonio Cantu
|
0-0: Called Strike 0-1: Called Strike 0-2: Ball 1-2: Strikes out looking
|
| Top of the 4th over - 0 runs, 0 hits, 0 errors, 0 left on base; Baltimore (APP) 4 - Princeton 2 |
| BOTTOM OF THE 4TH |
|
Princeton Rays batting - Pitching for Baltimore (APP) Orioles : LHP Luis Perez
|
|
Batting: SHB Wayne Hattan
|
0-0: Swinging Strike 0-1: Foul Ball, location: 2F 0-2: Ball 1-2: Foul Ball, location: 2F 1-2: Ball 2-2: Foul Ball, location: 2F 2-2: Foul Ball, location: 2F 2-2: Strikes out swinging
|
|
Batting: RHB Kunizo Yanagisawa
|
0-0: Ball 1-0: Ball 2-0: Called Strike 2-1: Called Strike 2-2: Strikes out swinging
|
|
Batting: RHB Jim Erdody
|
0-0: Ball 1-0: Ball 2-0: Ball 3-0: Called Strike 3-1: Base on Balls
|
|
Batting: SHB Chris Lockart
|
0-0: Ball 1-0: Foul Ball, location: 2F 1-1: Ball 2-1: Foul Ball, location: 2F 2-2: Ground out 4-3 (Groundball, 13, EV 93.8 MPH)
|
| Bottom of the 4th over - 0 runs, 0 hits, 0 errors, 1 left on base; Baltimore (APP) 4 - Princeton 2 |
| TOP OF THE 5TH |
|
Baltimore (APP) Orioles batting - Pitching for Princeton Rays : LHP Jonathan Daniels
|
|
Batting: RHB Scott Boyd
|
0-0: Ball 1-0: Foul Ball, location: 2F 1-1: Called Strike 1-2: Ball 2-2: Ball 3-2: Fly out, F9 (Flyball, 89M, EV 96.2 MPH)
|
|
Batting: RHB Ioan Biros
|
0-0: Called Strike 0-1: Fly out, F8 (Flyball, 78D, EV 105.0 MPH)
|
|
Batting: LHB Bill Ostlund
|
0-0: Called Strike 0-1: Fly out, F7 (Flyball, 7D, EV 108.1 MPH)
|
| Top of the 5th over - 0 runs, 0 hits, 0 errors, 0 left on base; Baltimore (APP) 4 - Princeton 2 |
| BOTTOM OF THE 5TH |
|
Princeton Rays batting - Pitching for Baltimore (APP) Orioles : LHP Luis Perez
|
|
Batting: RHB Dan Marks
|
0-0: Ball 1-0: Called Strike 1-1: Ball 2-1: Ball 3-1: Called Strike 3-2: Ground out 1-3 (Groundball, 34S, EV 63.8 MPH)
|
|
Batting: LHB Rocky Crowley
|
0-0: Ball 1-0: Ground out 6-3 (Groundball, 6, EV 88.8 MPH)
|
|
Batting: RHB Wil Urban
|
0-0: Ball 1-0: Swinging Strike 1-1: Swinging Strike 1-2: Foul Ball, location: 2F 1-2: Foul Ball, location: 2F 1-2: Strikes out swinging
|
| Bottom of the 5th over - 0 runs, 0 hits, 0 errors, 0 left on base; Baltimore (APP) 4 - Princeton 2 |
| TOP OF THE 6TH |
|
Baltimore (APP) Orioles batting - Pitching for Princeton Rays : LHP Jonathan Daniels
|
|
Batting: RHB Mike Zepeda
|
0-0: Called Strike 0-1: Ball 1-1: Ball 2-1: Foul Ball, location: 2F 2-2: Ball 3-2: Fly out, F2 (Popup, 23F, EV 89.4 MPH)
|
|
Batting: RHB Alex Valencia
|
0-0: Foul Ball, location: 2F 0-1: Foul Ball, location: 2F 0-2: Foul Ball, location: 2F 0-2: Ball 1-2: Fly out, F7 (Line Drive, 7, EV 108.8 MPH)
|
|
Batting: LHB Justin Alworth
|
0-0: Called Strike 0-1: Called Strike 0-2: Strikes out swinging
|
| Top of the 6th over - 0 runs, 0 hits, 0 errors, 0 left on base; Baltimore (APP) 4 - Princeton 2 |
| BOTTOM OF THE 6TH |
|
Princeton Rays batting - Pitching for Baltimore (APP) Orioles : LHP Luis Perez
|
|
Batting: SHB Lou Kroneman
|
0-0: Called Strike 0-1: Ball 1-1: Ball 2-1: SINGLE (Groundball, 34D, EV 102.5 MPH)
|
|
Batting: RHB Chris Thorson
|
0-0: Ball 1-0: Fly out, F7 (Flyball, 7D, EV 101.9 MPH)
|
|
Batting: SHB Wayne Hattan
|
0-0: Ball 1-0: Ball 2-0: Foul Ball, location: 2F 2-1: Ball 3-1: Base on Balls Lou Kroneman to second
|
|
Batting: RHB Kunizo Yanagisawa
|
0-0: Swinging Strike 0-1: Swinging Strike 0-2: SINGLE (Groundball, 56D, EV 105.0 MPH) Lou Kroneman to third Wayne Hattan to second
|
|
Batting: RHB Jim Erdody
|
0-0: Ball 1-0: Foul Ball, location: 2F 1-1: Grounds into double play, 4-6-3 (Groundball, 4, EV 91.9 MPH)
|
| Bottom of the 6th over - 0 runs, 2 hits, 0 errors, 2 left on base; Baltimore (APP) 4 - Princeton 2 |
| TOP OF THE 7TH |
|
Baltimore (APP) Orioles batting - Pitching for Princeton Rays : LHP Jonathan Daniels
|
|
Batting: RHB Matt O'Dea
|
0-0: Ball 1-0: Called Strike 1-1: Foul Ball, location: 2F 1-2: Ball 2-2: DOUBLE (Line Drive, 7LS, EV 112.5 MPH)
|
|
Batting: RHB Fernando Bravo
|
0-0: Called Strike 0-1: Ball 1-1: Foul Ball, location: 2F 1-2: Foul Ball, location: 2F 1-2: Strikes out swinging
|
|
Pitching: RHP Tim Inman
|
|
|
Batting: LHB Antonio Cantu
|
0-0: Ball 1-0: Ball 2-0: Ball 3-0: Called Strike 3-1: Base on Balls
|
|
Batting: RHB Scott Boyd
|
0-0: Called Strike 0-1: 3-RUN HOME RUN (Flyball, 7D, EV 95.0 MPH), Distance : 366 ft
|
|
Batting: RHB Ioan Biros
|
0-0: Foul Ball, location: 2F 0-1: Ball 1-1: Ball 2-1: Called Strike 2-2: Strikes out swinging
|
|
Batting: LHB Bill Ostlund
|
0-0: Called Strike 0-1: Ball 1-1: Ball 2-1: Ball 3-1: Foul Ball, location: 2F 3-2: Ground out 4-3 (Groundball, 4S, EV 85.0 MPH)
|
| Top of the 7th over - 3 runs, 2 hits, 0 errors, 0 left on base; Baltimore (APP) 7 - Princeton 2 |
| BOTTOM OF THE 7TH |
|
Princeton Rays batting - Pitching for Baltimore (APP) Orioles : LHP Luis Perez
|
|
Pitching: RHP Angel Gonzales
|
|
|
Batting: SHB Chris Lockart
|
0-0: Foul Ball, location: 2F 0-1: Hit by Pitch
|
|
Batting: RHB Dan Marks
|
0-0: Called Strike 0-1: Foul Ball, location: 2F 0-2: Ball 1-2: Ball 2-2: Ball 3-2: Foul Ball, location: 2F 3-2: Grounds into double play, 6-4-3 (Groundball, 56, EV 78.1 MPH)
|
|
Batting: LHB Rocky Crowley
|
0-0: Foul Ball, location: 2F 0-1: Ball 1-1: Foul Ball, location: 2F 1-2: Ball 2-2: Foul Ball, location: 2F 2-2: Foul Ball, location: 2F 2-2: Ball 3-2: Fly out, F8 (Flyball, 8LD, EV 108.1 MPH)
|
| Bottom of the 7th over - 0 runs, 0 hits, 0 errors, 0 left on base; Baltimore (APP) 7 - Princeton 2 |
| TOP OF THE 8TH |
|
Baltimore (APP) Orioles batting - Pitching for Princeton Rays : RHP Tim Inman
|
|
Batting: RHB Mike Zepeda
|
0-0: Called Strike 0-1: Ball 1-1: Ball 2-1: Called Strike 2-2: Ball 3-2: Base on Balls
|
|
Batting: RHB Alex Valencia
|
0-0: Fly out, F9 (Flyball, 9, EV 90.6 MPH)
|
|
Batting: LHB Justin Alworth
|
0-0: Ball 1-0: Foul Ball, location: 2F 1-1: Called Strike Mike Zepeda steals 2nd base 1-2: Strikes out swinging
|
|
Batting: RHB Matt O'Dea
|
0-0: Called Strike 0-1: Foul Ball, location: 2F 0-2: 2-RUN HOME RUN (Flyball, 7D, EV 96.9 MPH), Distance : 360 ft
|
|
Pitching: RHP Cody Wilharm
|
|
|
Batting: RHB Fernando Bravo
|
0-0: Called Strike 0-1: Called Strike 0-2: Ball 1-2: Ball 2-2: Fly out, F9 (Line Drive, 9, EV 90.6 MPH)
|
| Top of the 8th over - 2 runs, 1 hit, 0 errors, 0 left on base; Baltimore (APP) 9 - Princeton 2 |
| BOTTOM OF THE 8TH |
|
Princeton Rays batting - Pitching for Baltimore (APP) Orioles : RHP Angel Gonzales
|
|
Batting: RHB Wil Urban
|
0-0: DOUBLE (Groundball, 3L, EV 101.2 MPH)
|
|
Batting: SHB Lou Kroneman
|
0-0: Ball 1-0: Foul Ball, location: 2F 1-1: Ball 2-1: Ground out 6-3 (Groundball, 4M, EV 79.4 MPH) Wil Urban to third
|
|
Pinch Hitting: LHB Josh Redfern
|
0-0: Foul Ball, location: 2F 0-1: Ground out 3-1 (Groundball, 34S, EV 86.9 MPH) Wil Urban scores
|
|
Batting: SHB Wayne Hattan
|
0-0: Called Strike 0-1: Called Strike 0-2: Foul Ball, location: 2F 0-2: Strikes out swinging
|
| Bottom of the 8th over - 1 run, 1 hit, 0 errors, 0 left on base; Baltimore (APP) 9 - Princeton 3 |
| TOP OF THE 9TH |
|
Baltimore (APP) Orioles batting - Pitching for Princeton Rays : RHP Cody Wilharm
|
|
Now at 2B: Jim Lind
|
|
|
Batting: LHB Antonio Cantu
|
0-0: Called Strike 0-1: Ball 1-1: Foul Ball, location: 2F 1-2: Strikes out swinging
|
|
Batting: RHB Scott Boyd
|
0-0: Foul Ball, location: 2F 0-1: Ball 1-1: Ball 2-1: Foul Ball, location: 2F 2-2: SOLO HOME RUN (Flyball, 78XD, EV 101.2 MPH), Distance : 412 ft
|
|
Batting: RHB Ioan Biros
|
0-0: Called Strike 0-1: Hit by Pitch
|
|
Pinch Hitting: RHB Matt Foster
|
0-0: Called Strike 0-1: Ball 1-1: Called Strike 1-2: Foul Ball, location: 2F 1-2: Ball 2-2: SINGLE (Groundball, 6S, EV 70.6 MPH) (infield hit) Ioan Biros to second
|
|
Batting: RHB Mike Zepeda
|
0-0: Called Strike 0-1: Foul Ball, location: 2F 0-2: DOUBLE (Line Drive, 89M, EV 97.5 MPH) Ioan Biros scores Matt Foster to third
|
|
Pinch Hitting: RHB Ronnie Cummings
|
0-0: Ground out 6-3 (Groundball, 6, EV 99.4 MPH) Matt Foster scores
|
|
Batting: LHB Justin Alworth
|
0-0: Called Strike 0-1: Ball 1-1: Foul Ball, location: 2F 1-2: DOUBLE (Groundball, 5L, EV 104.4 MPH) Mike Zepeda scores
|
|
Pinch Hitting: RHB Ryan Vest
|
0-0: Foul Ball, location: 2F 0-1: Ball 1-1: Ball 2-1: Ball 3-1: Base on Balls
|
|
Pitching: RHP John Morgan
|
|
|
Batting: RHB Fernando Bravo
|
0-0: Called Strike 0-1: Swinging Strike 0-2: Strikes out looking
|
| Top of the 9th over - 4 runs, 4 hits, 0 errors, 2 left on base; Baltimore (APP) 13 - Princeton 3 |
| BOTTOM OF THE 9TH |
|
Princeton Rays batting - Pitching for Baltimore (APP) Orioles : RHP Angel Gonzales
|
|
Now at 1B: Ronnie Cummings
|
|
|
Now at 3B: Ryan Vest
|
|
|
Now in RF: Matt Foster
|
|
|
Batting: RHB Kunizo Yanagisawa
|
0-0: Ball 1-0: Ball 2-0: Ball 3-0: Called Strike 3-1: Called Strike 3-2: Foul Ball, location: 2F 3-2: Base on Balls
|
|
Batting: RHB Jim Erdody
|
0-0: Called Strike 0-1: Called Strike 0-2: Ball 1-2: Strikes out swinging
|
|
Batting: SHB Chris Lockart
|
0-0: Ball Wild Pitch! Kunizo Yanagisawa to second 1-0: Foul Ball, location: 2F 1-1: SINGLE (Line Drive, 34, EV 94.4 MPH) Kunizo Yanagisawa to third
|
|
Pitching: LHP Freddy Gutierrez
|
|
|
Batting: RHB Dan Marks
|
0-0: Called Strike 0-1: Called Strike 0-2: Ball 1-2: Strikes out swinging
|
|
Pinch Hitting: RHB Jon Gonzales
|
0-0: Called Strike 0-1: Called Strike 0-2: Strikes out looking
|
| Bottom of the 9th over - 0 runs, 1 hit, 0 errors, 2 left on base; Baltimore (APP) 13 - Princeton 3 |
|